 Dungeon Crawl Stone Soup version 0.15.2 (webtiles) character file.

2041 Heini the Protected (level 9, -13/80 (81) HPs)
             Began as a Minotaur Fighter on Feb 21, 2015.
             Was an Initiate of Okawaru.
             Mangled by Thrillho's ghost (26 damage)
             ... on Level 7 of the Dungeon.
             The game lasted 00:13:31 (4708 turns).

Heini the Protected (Minotaur Fighter)              Turns: 4708, Time: 00:13:31

HP -13/80 (81)   AC 14     Str 24      XL: 9   Next:  4%
MP   4/4         EV  7     Int  5      God: Okawaru [......]
Gold 350         SH 10     Dex 10      Spells:  0 memorised,  8 levels left

rFire  . . .     SeeInvis .     f - +1 morningstar (crush)
rCold  . . .     Clarity  .     m - +1 scale mail {rPois}
rNeg   . . .     rCorr    .     c - +1 shield
rPois  +         rRot     .     (helmet restricted)
rElec  .         Spirit   .     (no cloak)
SustAb .         Warding  .     w - +0 pair of gloves
rMut   .         Stasis   .     t - +2 pair of boots {Stlth+}
Gourm  .                        (no amulet)
MR     .....                    (no ring)
                                (no ring)

@: not resistant to hostile enchantments, extremely unstealthy
A: retaliatory headbutt, horns 2
a: Renounce Religion


You were on level 7 of the Dungeon.
You worshipped Okawaru.
Okawaru was noncommittal.
You were not hungry.

You visited 2 branches of the dungeon, and saw 8 of its levels.

You collected 350 gold pieces.

Inventory:

Hand weapons
 f - a +1 morningstar of crushing (weapon)
Armour
 c - a +1 shield (worn)
 m - a +1 scale mail of poison resistance (worn)
 t - a +2 pair of boots of stealth (worn)
 w - a +0 pair of gloves (worn)
Magical devices
 q - a wand of frost (24)
Comestibles
 d - 4 bread rations
 j - 2 beef jerkies
 n - 3 fruits
 o - 5 meat rations
Scrolls
 l - a scroll of remove curse
 s - 2 scrolls of identify
Potions
 e - 2 potions of might
 g - 3 potions of haste {unknown}
 h - 2 potions of agility
 i - 2 potions of restore abilities
 k - a potion of curing
 r - a potion of confusion {unknown}
 u - 2 potions of cancellation {unknown}
Books
 a - a book of Dreams

   Spells                             Type                      Level
   Ensorcelled Hibernation            Hexes/Ice                    2
   Flight                             Charms/Air                   3
   Phase Shift                        Translocation                5
   Shadow Creatures                   Summoning                    5
   Mass Confusion                     Hexes                        6
   Darkness                           Hexes                        7


   Skills:
 * Level 8.3 Fighting
 * Level 9.0 Maces & Flails
 * Level 9.2 Armour
 - Level 3.6 Shields


You had 8 spell levels left.
You didn't know any spells.

Dungeon Overview and Level Annotations

Branches:
Dungeon (7/15)             Temple (1/1) D:7

Altars:
Ashenzari
Dithmenos
Fedhas
Kikubaaqudgha
Makhleb
Nemelex Xobeh
Okawaru
Trog
Vehumet
Xom

Annotations:
D:7 Thrillho's ghost, experienced OgBe


Innate Abilities, Weirdness & Mutations

You reflexively headbutt those who attack you in melee.
You have a pair of horns on your head.


Message History

Thrillho's ghost is heavily damaged.
Thrillho's ghost hits you!!
You hit Thrillho's ghost.
Thrillho's ghost is heavily damaged.
You block Thrillho's ghost's attack.
You thump Thrillho's ghost!
Thrillho's ghost is severely damaged.
Thrillho's ghost hits you.
You puncture Thrillho's ghost!
Thrillho's ghost is almost destroyed.
Thrillho's ghost hits you.
You hit Thrillho's ghost.
You headbutt Thrillho's ghost, but do no damage.
Thrillho's ghost is almost destroyed.
Thrillho's ghost hits you!!
* * * LOW HITPOINT WARNING * * *
Your shield and scale mail prevent you from hitting Thrillho's ghost.
Thrillho's ghost is almost destroyed.
Thrillho's ghost hits you!!
You die...

.......##
#.......#
.....#W.#
##..<....#
...###..##
#..#.....# ####
##..####........#
##..#..........##
##.............#
##............#
##...........##
##...W@......#
#......%....#
#............#
#............#
#.............#
##.<..........
#...........
##......... .....


You could see Thrillho's ghost.

Vanquished Creatures
  2 sky beasts
  A necrophage (D:6)
  An orc warrior (D:6)
  2 ogres (D:6)
  4 giant frogs
  A scorpion (D:5)
  5 wights
  A hippogriff skeleton (D:5)
  6 crimson imps
  A goliath beetle (D:6)
  3 orc priests (D:6)
  An iguana (D:4)
  6 orc wizards (D:6)
  9 worker ants
  Ijyb (D:2)
  3 gnolls (D:6)
  5 adders
  3 worms
  2 giant geckos
  An ooze (D:2)
  15 orcs
  4 ball pythons
  12 bats
  2 giant cockroaches
  14 goblins
  7 hobgoblins
  2 jackals (D:4)
  4 quokkas
  A giant newt (D:3)
  A jackal zombie (D:6)
  11 kobolds
  An orc zombie (D:5)
  16 rats
148 creatures vanquished.

Notes
Turn   | Place    | Note
--------------------------------------------------------------
     0 | D:1      | Heini, the Minotaur Fighter, began the quest for the Orb.
     0 | D:1      | Reached XP level 1. HP: 19/19 MP: 1/1
   182 | D:1      | Reached skill level 4 in Armour
   322 | D:1      | Reached XP level 2. HP: 27/27 MP: 1/1
   805 | D:2      | Reached XP level 3. HP: 33/33 MP: 2/2
   928 | D:2      | Noticed Ijyb
   964 | D:2      | Killed Ijyb
   964 | D:2      | Reached XP level 4. HP: 6/41 MP: 2/2
  1263 | D:3      | Reached skill level 5 in Armour
  1298 | D:3      | Found a radiant altar of Vehumet.
  1775 | D:4      | Reached XP level 5. HP: 47/47 MP: 2/2
  1883 | D:4      | Reached skill level 5 in Fighting
  2042 | D:4      | Reached skill level 6 in Armour
  2120 | D:4      | Reached XP level 6. HP: 46/56 MP: 3/3
  2140 | D:4      | Noticed a giant frog
  2147 | D:4      | Killed a giant frog
  2222 | D:4      | Found a shimmering altar of Xom.
  2222 | D:4      | Found a burning altar of Makhleb.
  2228 | D:4      | Reached skill level 5 in Maces & Flails
  2376 | D:5      | Entered Level 5 of the Dungeon
  2492 | D:5      | HP: 2/57 [something (6)]
  2507 | D:4      | Reached skill level 7 in Armour
  2507 | D:4      | Reached XP level 7. HP: 7/63 MP: 3/3
  3277 | D:6      | Reached XP level 8. HP: 32/71 MP: 3/3
  3420 | D:6      | Reached skill level 8 in Armour
  4181 | D:6      | Reached skill level 9 in Armour
  4208 | D:6      | Found a shattered altar of Ashenzari.
  4396 | D:6      | Found a blossoming altar of Fedhas.
  4567 | D:7      | Found a staircase to the Ecumenical Temple.
  4574 | Temple   | Entered the Ecumenical Temple
  4615 | Temple   | Became a worshipper of Warmaster Okawaru
  4652 | D:7      | Reached XP level 9. HP: 80/80 MP: 4/4
  4675 | D:7      | Noticed Thrillho's ghost (experienced OgBe)
  4708 | D:7      | Mangled by Thrillho's ghost

Action                   |  1- 3 |  4- 6 |  7- 9 || total
-------------------------+-------+-------+-------++-------
Melee: Flail             |   112 |   153 |    23 ||   288
       Morningstar       |       |       |   172 ||   172
  Use: Potion            |     1 |     1 |     1 ||     3
       Scroll            |       |    10 |     4 ||    14
  Eat: Chunk             |       |     5 |     8 ||    13
